Cogmind - Beta 13 X1 @@@ ROGUE MODE // 2023.07.16 @ 23:52:43 Player: Terminus Result: Destroyed by S-27 Virus with Autogun Performance ------------- Evolutions (4) 2000 Regions Visited (9) 1800 Robots Destroyed (5) 25 Value Destroyed (56) 56 Prototype IDs (0) 0 Alien Tech Used (0) 0 Bonus (700) 700 TOTAL SCORE: 4581 Bonus ------- Pacifist 200 Entered DSFs 500 Cogmind --------- Core Integrity 0/850 Matter 217/300 Energy 21/100 System Corruption 30% Temperature Cool (3) Movement Flying (40) Location -6/Factory Parts ------- > --- POWER (1) -------- (None) > --- PROPULSION (7) --- Gravmag Array Nuclear Pulse Thruster > --- UTILITY (5) ------ (None) > --- WEAPON (2) ------- (None) > --- INVENTORY (5) ---- Phase Cannon Peak State ------------ > --- POWER ------------ (None) > --- PROPULSION ------- Light Treads Armored Huge Wheel Armored Huge Wheel Armored Huge Wheel > --- UTILITY ---------- Scrap Engine > --- WEAPON ----------- (None) > --- INVENTORY -------- (None) [Rating: 41] Favorites ----------- Power Micro Fission Core Engine Light Angular Momentum Engine Power Core Micro Fission Core Propulsion Light Treads Treads Light Treads Leg Improved Carbon-fiber Leg Wheel Armored Huge Wheel Hover Unit Gravmag Array Flight Unit Nuclear Pulse Thruster Utility Advanced Heat Sink Device Advanced Heat Sink Weapon Phase Cannon Energy Cannon Phase Cannon Build | -11 -10 -9 -9 -9 -7 -7 -6 -6 -6 ------- Run | Jun Mat Mat Sto Rec Fac DSF Fac Was Fac Slots Evolved 8 | . . 2 . . 4 . 2 . . Power . | . . . . . . . . . . Propulsion 5 | . . 2 . . 2 . 1 . . Utility 3 | . . . . . 2 . 1 . . Weapon . | . . . . . . . . . . Parts Attached 16 | 2 . . . 1 1 . 7 2 3 Power 2 | . . . . . . . . 1 1 Engine 1 | . . . . . . . . . 1 Core 1 | . . . . . . . . 1 . Reactor . | . . . . . . . . . . Propulsion 9 | 2 . . . . 1 . 5 . 1 Treads 2 | 2 . . . . . . . . . Leg 1 | . . . . . 1 . . . . Wheel 3 | . . . . . . . 3 . . Hover 2 | . . . . . . . 2 . . Flight 1 | . . . . . . . . . 1 Utility 3 | . . . . 1 . . 1 1 . Device 3 | . . . . 1 . . 1 1 . Storage . | . . . . . . . . . . Processor . | . . . . . . . . . . Hackware . | . . . . . . . . . . Protection . | . . . . . . . . . . Artifact . | . . . . . . . . . . Weapon 2 | . . . . . . . 1 . 1 Energy Gun . | . . . . . . . . . . Energy Cannon 2 | . . . . . . . 1 . 1 Ballistic Gun . | . . . . . . . . . . Ballistic Cannon . | . . . . . . . . . . Launcher . | . . . . . . . . . . Special Weapon . | . . . . . . . . . . Impact Weapon . | . . . . . . . . . . Slashing Weapon . | . . . . . . . . . . Piercing Weapon . | . . . . . . . . . . Special Melee Weapon . | . . . . . . . . . . Unidentified Prototypes . | . . . . . . . . . . Parts Lost 12 | . . . . . . 1 6 1 4 Power 2 | . . . . . . . . 1 1 Propulsion 7 | . . . . . . 1 5 . 1 Utility 3 | . . . . . . . 1 . 2 Weapon . | . . . . . . . . . . Highest Loss Streak 3 | . . . . . . 1 2 1 3 To Critical Strikes . | . . . . . . . . . . Average Slot Usage (%) 25 | . 28 22 22 31 26 27 21 36 31 Treads 7 | . 28 22 22 22 15 12 . . . Wheel 1 | . . . . . . . 4 . . Hover 4 | . . . . . . . 4 13 10 Device 6 | . . . . 9 7 7 7 11 9 Energy Cannon 2 | . . . . . . . 3 6 5 Naked Turns . | . . . . . . . . . . Heaviest Build 19 | . . . . 1 1 1 9 15 19 Greatest Support 84 | 3 3 3 3 3 3 3 84 29 29 Greatest Overweight (x) 2 | . . . . . . . 2 . . Average Overweight (x) . | . . . . . . . . . . Largest Inventory Capacity 5 | 5 5 5 5 5 5 5 5 5 5 Average Capacity 5 | 5 5 5 5 5 5 5 5 5 5 Most Carried 2 | . . . . . . . 2 1 1 Average Carried . | . . . . . . . . . . Final Capacity 5 | 5 5 5 5 5 5 5 5 5 5 Final Carried 1 | . . . . . . . 1 . 1 Class Distribution -------------------- 100% | Mutant Dominant Class ---------------- Mutant | -10/Materials Mutant | -9/Materials Mutant | -9/Storage Mutant | -9/Recycling Mutant | -7/Factory Mutant | -7/DSF Mutant | -6/Factory Mutant | -6/Waste Mutant | -6/Factory Resources | -11 -10 -9 -9 -9 -7 -7 -6 -6 -6 ----------- Run | Jun Mat Mat Sto Rec Fac DSF Fac Was Fac Matter Collected 175 | 83 . . 52 . . . 16 . 24 Remotely . | . . . . . . . . . . Salvage Created 134 | . . . 52 . . . 37 . 45 Parts 13 | . . . 3 . . . 6 . 4 Haulers Intercepted . | . . . . . . . . . . Recyclers Shooed 1 | . . . . . . . 1 . . Parts Field Recycled . | . . . . . . . . . . Retrieved Matter . | . . . . . . . . . . Parts Self-Destructed . | . . . . . . . . . . Prevented . | . . . . . . . . . . Kills | -11 -10 -9 -9 -9 -7 -7 -6 -6 -6 ------- Run | Jun Mat Mat Sto Rec Fac DSF Fac Was Fac Combat Hostiles Destroyed 2 | . . . . . . . . . 2 Cannons 2 | . . . . . . . . . 2 Classes Destroyed 5 | . . . 1 . . . 2 . 2 Worker 1 | . . . . . . . 1 . . Builder 1 | . . . . . . . 1 . . Recycler 1 | . . . 1 . . . . . . Swarmer 1 | . . . . . . . . . 1 Cutter 1 | . . . . . . . . . 1 Best Kill Streak 1 | . . . 1 . . . 1 . 1 Combat Bots Only 1 | . . . . . . . . . 1 Max Kills in Single Turn 1 | . . . 1 . . . 1 . 1 Gunslinging . | . . . . . . . . . . Exploded . | . . . . . . . . . . Melee . | . . . . . . . . . . Uniques/NPCs Destroyed . | . . . . . . . . . . Combat | -11 -10 -9 -9 -9 -7 -7 -6 -6 -6 -------- Run | Jun Mat Mat Sto Rec Fac DSF Fac Was Fac Damage Taken 2679 | . 105 . 114 3 . 177 1507 69 704 Core 949 | . 42 . 9 . . 42 483 39 334 Absorbed by Shields 12 | . . . 12 . . . . . . Core Remaining (%) 93 | 100 83 . . 97 . 94 . . . Volleys Fired 49 | . . . . . . . 21 17 11 Largest 1 | . . . . . . . 1 1 1 Hottest 85 | . . . . . . . 85 85 85 Shots Fired 47 | . . . . . . . 21 16 10 Gun . | . . . . . . . . . . Cannon 47 | . . . . . . . 21 16 10 Launcher . | . . . . . . . . . . Special . | . . . . . . . . . . Kinetic . | . . . . . . . . . . Thermal 47 | . . . . . . . 21 16 10 Explosive . | . . . . . . . . . . Electromagnetic . | . . . . . . . . . . Robot Hit Streak 2 | . . . . . . . 1 . 2 Robot Miss Streak 1 | . . . . . . . 1 . 1 Penetration Max . | . . . . . . . . . . Secondary Targets . | . . . . . . . . . . Shots Hit Robots 6 | . . . . . . . 3 . 3 Core Hits 12 | . . . 1 . . . 9 . 2 Critical Kills . | . . . . . . . . . . Critical Parts Destroyed . | . . . . . . . . . . Critical Strikes . | . . . . . . . . . . Melee Attacks . | . . . . . . . . . . Impact . | . . . . . . . . . . Slashing . | . . . . . . . . . . Piercing . | . . . . . . . . . . Sneak Attacks . | . . . . . . . . . . Combat Hostiles . | . . . . . . . . . . Follow-up Attacks . | . . . . . . . . . . Damage Inflicted 352 | . . . 10 14 . . 235 . 93 Guns . | . . . . . . . . . . Cannons 183 | . . . . . . . 90 . 93 Explosions . | . . . . . . . . . . Melee . | . . . . . . . . . . Ramming 169 | . . . 10 14 . . 145 . . Kinetic . | . . . . . . . . . . Thermal 183 | . . . . . . . 90 . 93 Explosive . | . . . . . . . . . . Electromagnetic . | . . . . . . . . . . Impact . | . . . . . . . . . . Slashing . | . . . . . . . . . . Piercing . | . . . . . . . . . . Highest Corruption 30 | . . . 1 1 . . 21 30 30 Average Corruption 18 | . . . 1 1 . . 17 26 30 Corruption Purged . | . . . . . . . . . . Corruption Blocked . | . . . . . . . . . . Effects 25 | . . . 1 . . . 11 5 8 Message Errors 4 | . . . 1 . . . 1 1 1 Matter Fused 8 | . . . . . . . 4 3 1 Heat Flow Errors 3 | . . . . . . . 2 . 1 Energy Discharges 2 | . . . . . . . 1 . 1 Data Loss (minor) 1 | . . . . . . . . . 1 Data Loss (major) 1 | . . . . . . . . . 1 Misdirections 4 | . . . . . . . 3 . 1 Weapon Failures 2 | . . . . . . . . 1 1 Overload Shots . | . . . . . . . . . . Overflow Damage 10 | . . . . . . . 10 . . Projectiles 10 | . . . . . . . 10 . . Explosions . | . . . . . . . . . . Melee . | . . . . . . . . . . Knockbacks . | . . . . . . . . . . Impact . | . . . . . . . . . . Kinetic . | . . . . . . . . . . Secondary . | . . . . . . . . . . Self-Inflicted Damage 72 | . . . 4 3 . . 65 . . Shots . | . . . . . . . . . . Rammed 44 | . . . 2 6 . . 36 . . Targets Rammed 45 | . . . 3 6 . . 36 . . Kicked . | . . . . . . . . . . Crushed 1 | . . . 1 . . . . . . Highest Temperature 324 | . . . . . . . 239 324 132 Average Temperature 80 | . . . . . . . 40 149 40 Received Heat Transfer 325 | . 18 . 58 . . . 177 . 72 Siege Activations . | . . . . . . . . . . Robots Corrupted . | . . . . . . . . . . Combat Hostiles . | . . . . . . . . . . Parts Fried . | . . . . . . . . . . Impact Corruptions . | . . . . . . . . . . Robots Melted . | . . . . . . . . . . Combat Hostiles . | . . . . . . . . . . Parts Melted . | . . . . . . . . . . Heat Transferred 222 | . . . . . . . 111 . 111 Parts Sabotaged . | . . . . . . . . . . Parts Stolen . | . . . . . . . . . . Parts Stripped . | . . . . . . . . . . Power Chain Reactions 1 | . . . . . . . 1 . . Missiles Intercepted . | . . . . . . . . . . Alert | -11 -10 -9 -9 -9 -7 -7 -6 -6 -6 ------- Run | Jun Mat Mat Sto Rec Fac DSF Fac Was Fac Peak Influence 179 | . 60 25 75 28 11 11 179 6 127 Initial 28 | . . 25 10 28 11 11 . . . Average 60 | . 18 25 31 28 11 7 108 1 42 Maximum Alert Level . | . . . . . . . . . . Low Security (%) 100 | 100 100 100 100 100 100 100 100 100 100 Level 1 . | . . . . . . . . . . Level 2 . | . . . . . . . . . . Level 3 . | . . . . . . . . . . Level 4 . | . . . . . . . . . . Level 5 . | . . . . . . . . . . High Security . | . . . . . . . . . . Max Security . | . . . . . . . . . . Squads Dispatched 11 | . 2 . 1 . . . 6 . 2 Investigation 7 | . 1 . 1 . . . 4 . 1 Extermination . | . . . . . . . . . . Reinforcement 4 | . 1 . . . . . 2 . 1 Assault . | . . . . . . . . . . Garrison . | . . . . . . . . . . Intercept . | . . . . . . . . . . Searches Triggered . | . . . . . . . . . . Construction Impeded 1 | . . . . . . . 1 . . Haulers Reinforced . | . . . . . . . . . . Active Scanning Responses . | . . . . . . . . . . Cargo Convoy Interrupts . | . . . . . . . . . . Stealth | -11 -10 -9 -9 -9 -7 -7 -6 -6 -6 --------- Run | Jun Mat Mat Sto Rec Fac DSF Fac Was Fac Distress Signals 1 | . . . . . . . 1 . . Communications Jammed . | . . . . . . . . . . Distress Signals . | . . . . . . . . . . Times Spotted 50 | . 7 . 4 . . 2 16 3 18 Peak Tracking Total 11 | . 6 . 3 . . 2 7 3 11 Tactical Retreats 7 | . 1 . 1 . . . 3 1 1 Traps | -11 -10 -9 -9 -9 -7 -7 -6 -6 -6 ------- Run | Jun Mat Mat Sto Rec Fac DSF Fac Was Fac Traps Triggered 6 | . . . 1 . . 1 4 . . Indirectly . | . . . . . . . . . . Trap Hack Attempts . | . . . . . . . . . . Triggered . | . . . . . . . . . . Disarmed . | . . . . . . . . . . Reprogrammed . | . . . . . . . . . . Reused . | . . . . . . . . . . Traps Extracted . | . . . . . . . . . . Installed . | . . . . . . . . . . Triggered . | . . . . . . . . . . Machines | -11 -10 -9 -9 -9 -7 -7 -6 -6 -6 ---------- Run | Jun Mat Mat Sto Rec Fac DSF Fac Was Fac Machines Disabled . | . . . . . . . . . . Max in Single Turn . | . . . . . . . . . . Machines Repaired . | . . . . . . . . . . Machines Sabotaged . | . . . . . . . . . . Overloaded Fab Kills 4 | . . . . . . . 4 . . Hacking | -11 -10 -9 -9 -9 -7 -7 -6 -6 -6 --------- Run | Jun Mat Mat Sto Rec Fac DSF Fac Was Fac Machines Accessed 15 | . 1 1 1 . 1 . 9 . 2 Terminals 13 | . 1 1 1 . 1 . 7 . 2 Fabricators 1 | . . . . . . . 1 . . Repair Stations . | . . . . . . . . . . Recycling Units 1 | . . . . . . . 1 . . Scanalyzers . | . . . . . . . . . . Garrison Access . | . . . . . . . . . . Total Hacks 33 | . 3 2 2 . 3 . 19 . 4 Successful 10 | . 1 1 . . 1 . 7 . . Failed 23 | . 2 1 2 . 2 . 12 . 4 Catastrophic 8 | . . . 2 . . . 5 . 1 Database Lockouts . | . . . . . . . . . . Manual 13 | . . . 3 . . . 10 . . Terminals 29 | . 3 2 2 . 3 . 15 . 4 Fabricators 1 | . . . . . . . 1 . . Repair Stations . | . . . . . . . . . . Recycling Units 3 | . . . . . . . 3 . . Scanalyzers . | . . . . . . . . . . Garrison Access . | . . . . . . . . . . Terminal Hacks 7 | . 1 1 . . 1 . 4 . . Open DSF 2 | . . . . . 1 . 1 . . Level Access Points 1 | . 1 . . . . . . . . Branch Access Points 1 | . . 1 . . . . . . . Terminal Index 1 | . . . . . . . 1 . . Zone Layout 2 | . . . . . . . 2 . . Fabricator Hacks . | . . . . . . . . . . Repair Station Hacks . | . . . . . . . . . . Recycling Unit Hacks 1 | . . . . . . . 1 . . Retrieve Components 1 | . . . . . . . 1 . . Scanalyzer . | . . . . . . . . . . Garrison Access Hacks . | . . . . . . . . . . Unauthorized Hacks 2 | . . . . . . . 2 . . Terminals 1 | . . . . . . . 1 . . Botnet 1 | . . . . . . . 1 . . Fabricators 1 | . . . . . . . 1 . . Overload 1 | . . . . . . . 1 . . Repair Stations . | . . . . . . . . . . Recycling Units . | . . . . . . . . . . Scanalyzers . | . . . . . . . . . . Garrison Access . | . . . . . . . . . . Data Cores Recovered . | . . . . . . . . . . Used . | . . . . . . . . . . Hacking Detections 11 | . 1 1 1 . . . 6 . 2 Full Trace Events 6 | . 1 . 1 . . . 3 . 1 Feedback Events . | . . . . . . . . . . Feedback Blocked . | . . . . . . . . . . Robot Schematics Acquired . | . . . . . . . . . . Robots Built . | . . . . . . . . . . Authchips . | . . . . . . . . . . Time . | . . . . . . . . . . Total Robot Build Rating . | . . . . . . . . . . Part Schematics Acquired . | . . . . . . . . . . Parts Built . | . . . . . . . . . . Authchips . | . . . . . . . . . . Time . | . . . . . . . . . . Total Part Build Rating . | . . . . . . . . . . Parts Repaired . | . . . . . . . . . . Time . | . . . . . . . . . . Parts Recycled . | . . . . . . . . . . Recycled Matter . | . . . . . . . . . . Retrieved Matter . | . . . . . . . . . . Retrieved Components 1 | . . . . . . . 1 . . Parts Scanalyzed . | . . . . . . . . . . Part Schematics Acquired . | . . . . . . . . . . Parts Damaged . | . . . . . . . . . . Bothacking | -11 -10 -9 -9 -9 -7 -7 -6 -6 -6 ------------ Run | Jun Mat Mat Sto Rec Fac DSF Fac Was Fac Used RIF Installer . | . . . . . . . . . . Robots Hacked . | . . . . . . . . . . Non-combat . | . . . . . . . . . . Combat . | . . . . . . . . . . Robot Hacks Applied . | . . . . . . . . . . Relay Couplers Released . | . . . . . . . . . . Fabnet Peak Effective % . | . . . . . . . . . . Robots Rewired . | . . . . . . . . . . Allies Hacked . | . . . . . . . . . . Hacks Repelled . | . . . . . . . . . . Allies | -11 -10 -9 -9 -9 -7 -7 -6 -6 -6 -------- Run | Jun Mat Mat Sto Rec Fac DSF Fac Was Fac Total Allies . | . . . . . . . . . . Largest Group . | . . . . . . . . . . Highest-Rated Group . | . . . . . . . . . . Highest-Rated Ally . | . . . . . . . . . . Total Orders . | . . . . . . . . . . Ally Attacks . | . . . . . . . . . . Total Damage . | . . . . . . . . . . Kills . | . . . . . . . . . . Allies Corrupted . | . . . . . . . . . . Allies Melted . | . . . . . . . . . . Intel | -11 -10 -9 -9 -9 -7 -7 -6 -6 -6 ------- Run | Jun Mat Mat Sto Rec Fac DSF Fac Was Fac Robot Analysis Total . | . . . . . . . . . . Derelict Logs Recovered . | . . . . . . . . . . Drone Launches . | . . . . . . . . . . Drone Recoveries . | . . . . . . . . . . Exploration | -11 -10 -9 -9 -9 -7 -7 -6 -6 -6 ------------- Run | Jun Mat Mat Sto Rec Fac DSF Fac Was Fac Turns Passed 955 | 14 32 17 123 95 25 26 405 96 122 Spaces Moved 1335 | 22 64 33 211 173 47 51 460 107 167 Core 862 | 22 64 33 211 173 47 51 261 . . Treads . | . . . . . . . . . . Legs . | . . . . . . . . . . Wheels 1 | . . . . . . . 1 . . Hover 431 | . . . . . . . 198 107 126 Flight 41 | . . . . . . . . . 41 Fastest Speed 40 | 50 50 50 50 50 50 50 50 56 40 Average Speed 52 | 50 50 50 50 50 50 50 54 56 52 Slowest Speed 150 | 50 50 50 50 50 50 50 150 56 60 Overloaded Moves . | . . . . . . . . . . Propulsion Burnouts . | . . . . . . . . . . Robots Hopped . | . . . . . . . . . . Cave-ins Triggered 1 | . . . . . . . . 1 . Exploration Rate (%) 29 | 3 20 8 57 48 1 67 14 67 7 Regions Visited 9 Branch Regions 2 Pre-discovered Areas . | . . . . . . . . . . Known Exits Taken 3 | . 1 1 . . 1 . . . . Unknown Exits Taken 3 | 1 . . 1 1 . . . . . Scrap Searched . | . . . . . . . . . . Spaces Dug 10 | . . . . . . . 4 2 4 Terrain Destroyed 41 | . . . . . . . 18 16 7 Melee . | . . . . . . . . . . Projectile 41 | . . . . . . . 18 16 7 AOE . | . . . . . . . . . . Terrain Rammed . | . . . . . . . . . . Walls Destroyed . | . . . . . . . . . . Machines Disabled . | . . . . . . . . . . Actions | -11 -10 -9 -9 -9 -7 -7 -6 -6 -6 --------- Run | Jun Mat Mat Sto Rec Fac DSF Fac Was Fac Total 1528 | 23 63 32 227 179 47 50 592 125 190 Wait 71 | . . . . . . . 64 . 7 Move 1326 | 21 63 32 210 172 46 50 460 105 167 Hop . | . . . . . . . . . . Pick Up 2 | . . . . . . . 2 . . Fast Attach 13 | 2 . . . 1 1 . 6 1 2 Attach 3 | . . . . . . . 1 1 1 Detach 2 | . . . . . . . . . 2 Swap . | . . . . . . . . . . Drop . | . . . . . . . . . . Fire 49 | . . . . . . . 21 17 11 Melee . | . . . . . . . . . . Ram 43 | . . . 2 4 . . 37 . . Kick . | . . . . . . . . . . Crush 4 | . . . 1 2 . . 1 . . Escape Stasis 15 | . . . 14 . . . . 1 . Rewire . | . . . . . . . . . . Trap . | . . . . . . . . . . Miscellaneous . | . . . . . . . . . . Route ------- -11/Junkyard -10/Materials (discovered 3 exits: *Mat x3) -9/Materials (discovered 3 exits: Min / *Sto x2) -9/Storage (discovered 2 exits: [*Mat] / [*Rec]) -9/Recycling -7/Factory -7/DSF -6/Factory -6/Waste -6/Factory History --------- Turn | Location | Event 4 | -11/Junkyard | Discovered new exit (range 14) 15 | -11/Junkyard | Entered Materials 19 | -10/Materials | Identified exit to Materials 47 | -10/Materials | Entered another Materials area 47 | -9/Materials | Evolved 2 slots: Propulsion x2 55 | -9/Materials | Identified exit to Mines 55 | -9/Materials | Identified exit to Storage 64 | -9/Materials | Entered Storage 153 | -9/Storage | Discovered new exit (range 6) 186 | -9/Storage | Used back door to open Recycling access 186 | -9/Storage | Discovered new exit (range 4) 187 | -9/Storage | Entered Recycling 199 | -9/Recycling | Found Scrap Engine 275 | -9/Recycling | Discovered new exit (range 15) 282 | -9/Recycling | Entered Factory 282 | -7/Factory | Evolved 4 slots: Propulsion x2, Utility x2 307 | -7/Factory | Identified exit to DSF 307 | -7/Factory | Entered DSF 314 | -7/DSF | Build established: Mutant 326 | -7/DSF | Discovered new exit (range 14) 331 | -7/DSF | Additional patrols routed to DSF 333 | -7/DSF | Entered Factory 333 | -6/Factory | Evolved 2 slots: Propulsion x1, Utility x1 482 | -6/Factory | System corruption reached 10% 725 | -6/Factory | Core integrity fell below 50% 738 | -6/Factory | Sucked down chute 738 | -6/Factory | Entered Waste 753 | -6/Waste | EMP discharged 756 | -6/Waste | Spotted C-40 Crusher 793 | -6/Waste | Spotted C-40 Crusher 806 | -6/Waste | Spotted C-40 Crusher 816 | -6/Waste | Crushed by falling debris 817 | -6/Waste | System corruption reached 30% 829 | -6/Waste | Discovered new exit (range 10) 834 | -6/Waste | Entered Factory 905 | -6/Factory | Core integrity fell below 20% 935 | -6/Factory | Lost 3 parts (1p1n1u) 956 | -6/Factory | Destroyed by S-27 Virus with Autogun Last Messages --------------- 00897_ System corrupted: Matter fused (-5). 00897_ C-17 Slicer destroyed. 00898_ Broken Adv. Heat Sink destroyed. 00901_ Gravmag System destroyed. 00901_ Knocked back. 00901_ C-17 Slicer destroyed. 00904_ Nuclear Reactor explodes. 00904_ C-17 Slicer destroyed. 00904_ Lgt. Angular Momentum Engine destroyed. 00904_ G-50 Soldier destroyed. 00907_ Acquired Nuclear Pulse Thruster. 00907_ K-01 Serf collects debris. 00911_ The unstable cave ceiling collapses. 00915_ System corrupted: Substantial component data lost. 00930_ System corrupted: Component data lost. 00933_ Connecting with Terminal... 00940_ S-27 Virus destroyed. 00946_ Adv. Sensor Array destroyed. 00947_ U3TINBUN#3QXUVDD70JHUB65 00954_ Acquired 24 matter. Map ----- +----------------------------------------------------+ | ?????????????????????????????????????????????????? | | ????????????????????????????????????????????????? | | ???????????????????????????????????????????????? | | ?????#??????????????????????????????????????????? | | =???? #??????????????????????????????????????????? | | ? #??????????????????????????????????????????? | | """ #??????????????????????????????????????????? | | """ +??????????????????????????????????????????? | | """ #??????????????????????????????????????????? | | """ #??????????????????????????????????????????? | | #??????????????????????????????????????????? | | ###??###???????????????????????????????????? | | # ?? #??????????????????????????????????? | | # "?" #??????????????????????????????????? | | # "?" #??????????????????????????????????? | | # """ #??????????????????????????????????? | | # #??????????????????????????????????? | | # """ #??????????????????????????????????? | | # """ #??????????????????????????????????? | | # """ #??????????????????????????????????? | | # #??????????????????????????????????? | | # """ #??????????????????????????????????? | | # """ #??????????????????????????????????? | | # """ #???###????????????????????????????? | | # #####;###########sk ????????? | | / g s [ @ ss ????????? | | # ########;###########???????????????? | | # ""T"" #??????###?????????????????????????? | | # """"" #??????????????????????????????????? | | #########??????????????????????????????????? | | ??????????????????????????????????????????? | | ?????????????????????????????????????????? | | ?????????????????????????????????????????? | | ?????????????????????????????????????????? | | ????????????????????????????????????????? | | ????????????????????????????????????????? | | ????????????????????????????????????????? | | #+#######????????????????????????????????????????? | | ?????????????????????????????????????????????????? | | ?????????????????????????????????????????????????? | | ?????????????????????????????????????????????????? | | ?????????????????????????????????????????????????? | | ?????????????????????????????????????????????????? | | ?????????????????????????????????????????????????? | | ?????????????????????????????????????????????????? | | ?????????????????????????????????????????????????? | | ?????????????????????????????????????????????????? | | ?????????????????????????????????????????????????? | | ?????????????????????????????????????????????????? | | ?????????????????????????????????????????????????? | +----------------------------------------------------+ Best States ------------- Heat Dissipation 37 Energy Generation 18 Energy Capacity 150 Matter Stores 300 Matter Capacity 300 Sight Range 16 Robot Scan Range 16 Terrain Scan Density 10 Evasion (%) 62 Recoil Reduction 2 Item Schematics ----------------- None Robot Schematics ------------------ None Fabricated ------------ Nothing Alien Tech Used ----------------- None Achievements -------------- None Challenges ------------ None Game ------ Seed MasterChromaticNanosword Manual? 0 Play Time 00:12:52 Cumulative 1739.1 hours Start 2023.07.16 @ 23:41:35 End 2023.07.16 @ 23:52:43 Sessions 1 Manual Loads 0 Difficulty Rogue Special Mode None Game No. 615 Rogue 615 Adventurer 0 Explorer 0 Win Type - Total 133 Types 27/13/59/7/1/2/22/1/1 Lore% 96 Gallery% 96 Achievement% 87 Wizard Run 0 Options --------- ASCII 0 Keyboard 0 Movement Numpad Keybinds 0 Fullscreen 2 Font 18/SmallcapsGlow Map View 76x50 Tactical HUD 1 Map Filters NONE Filters NONE Steam 1 RUN: 586d3a20-a777-4c63-82f4-9f4d34a2668c